 Dungeon Crawl Stone Soup version bcrawl-1.18.1 (webtiles) character file.

Game seed: 13979283325051567541

41 MisterOstroum the Vandal (level 3, -4/20 HPs)
             Began as a Vine Stalker Arcane Marksman on Nov 11, 2019.
             Was a Plaything of Xom.
             Slain by a shadow (12 damage)
             ... summoned by the severe capriciousness of Xom
             ... on level 2 of the Dungeon.
             The game lasted 00:08:04 (1299 turns).

MisterOstroum the Vandal (VSAM)                     Turns: 1299, Time: 00:08:05

Health: -4/20      AC:  3    Str: 12 (15) XL:     3   Next: 52%
Magic:  7/7        EV: 12    Int: 12 (14) God:    Xom [......]
Gold:   95         SH:  0    Dex: 13 (14) Spells: 3/6 levels left

rFire    . . .     SeeInvis .   a - +0 hunting sling
rCold    . . .     Gourm    .   (no shield)
rNeg     . . .     Faith    .   c - +0 robe
rPois    .         Spirit   .   (no helmet)
rElec    .         Reflect  .   n - +0 cloak
rCorr    .         Harm     .   (no gloves)
MR       .....     Clarity  +   (no boots)
Stlth    +.........             (no amulet)
HPRegen  0.46/turn              (no ring)
MPRegen  0.10/turn              (no ring)

@: mighty
A: fangs 2, clarity, regeneration 1, weak 1, no potion heal 3, rot immunity,
strong jaws
a: Renounce Religion


You were on level 2 of the Dungeon.
You worshipped Xom.
You were a very special plaything of Xom.
You were hungry.

You visited 1 branch of the dungeon, and saw 2 of its levels.

You collected 95 gold pieces.

Inventory:

Hand Weapons
 a - a +0 hunting sling (weapon)
 b - a +0 dagger
 j - a +0 short sword
Missiles
 f - 215 sling bullets (quivered)
 g - 49 stones
Armour
 c - a +0 robe (worn)
 n - a +0 cloak (worn)
Scrolls
 d - a scroll of remove curse {@r2}
 l - a scroll of identify {@r1}
Potions
 h - a potion of degeneration
Comestibles
 e - 3 rations {!d}
 i - 6 chunks of flesh


   Skills:
 - Level 0.8 Fighting
 + Level 3.4 Slings
 - Level 2.0 Dodging
 - Level 2.1 Spellcasting
 - Level 3.0 Hexes


You had 3 spell levels left.
You knew the following spells:

 Your Spells              Type           Power        Failure   Level  Hunger
a - Corona                Hex            #......      8%          1    ##.....
b - Shackle               Hex            #.......     12%         2    ###....

Your spell library contained the following spells:

 Spells                   Type           Power        Failure   Level  Hunger
 False Image              Hex/Summ       #.......     41%         3    ####...
 Inner Flame              Hex/Fire       N/A          41%         3    ####...
 Cause Fear               Hex            #.........   61%         4    #####..
 Yara's Violent Unravell  Hex/Tmut       #.........   82%         4    #####..


Dungeon Overview and Level Annotations

Branches:
Dungeon (2/12)

Altars:
Xom


Innate Abilities, Weirdness & Mutations

You have extremely sharp teeth.
Your natural rate of healing is unusually fast.
Potions cannot restore your health.
You are immune to rotting.
Your bites deal extra damage.
You possess an exceptional clarity of mind.
You are weak. (Str -2)


Message History

Anything else - Cancel.
You shout for attention!
You hear a shout!
Wield which item (- for none, * to show all)? (? for menu, Esc to quit)
Okay, then.
Casting: Corona (safe; 7% risk of failure)
Confirm with . or Enter, or press ? or * to list all spells.
Aiming: Shackle (safe; 11% risk of failure)
Press: ? - help, Shift-Dir - straight line, f - leopard gecko
Aim: a leopard gecko (clinging, chance to defeat MR: 62%)
The leopard gecko is shackled.
Xom almost notices you.
Your cloak billows in an unfelt wind.
You are now a very special plaything of Xom.
Firing (i - inventory. (/) - cycle)
g - 50 stones (quivered)
Press: ? - help, Shift-Dir - straight line, f/p - leopard gecko
Aim: a leopard gecko (clinging, shackled)
You shoot a stone. The stone hits the leopard gecko.
You kill the leopard gecko!
Found an escape hatch in the ceiling.
There is an open door here.
You butcher the leopard gecko corpse.
i - 6 chunks of flesh (gained 1)
You see here a leopard gecko skeleton. x2
Found a hunting sling.
A gnoll comes into view. It is wielding a +0 flail.
A gnoll comes into view. It is wielding a +0 club.
Found a hunting sling.
Casting: Shackle (safe; 11% risk of failure)
Confirm with . or Enter, or press ? or * to list all spells.
Aiming: Corona (safe; 7% risk of failure)
Press: ? - help, Shift-Dir - straight line, f - gnoll
Aim: a gnoll, wielding a +0 club (hasn't noticed you, chance to defeat MR: 52%)
The gnoll shouts!
The gnoll is outlined in light.
Firing (i - inventory. (/) - cycle)
f - 220 sling bullets (quivered)
Press: ? - help, Shift-Dir - straight line, f/p - gnoll
Aim: a gnoll, wielding a +0 club (softly glowing)
You shoot a sling bullet. The gnoll shouts!
The sling bullet hits the gnoll.
The gnoll is moderately wounded.
You hear a shout!
A gnoll comes into view. It is wielding a +0 flail.
Firing (i - inventory. (/) - cycle)
f - 219 sling bullets (quivered)
Press: ? - help, Shift-Dir - straight line, f - gnoll, p - gnoll
Aim: a gnoll, wielding a +0 club (softly glowing)
You shoot a sling bullet. The sling bullet hits the gnoll.
The gnoll is moderately wounded.
Firing (i - inventory. (/) - cycle)
f - 218 sling bullets (quivered)
Press: ? - help, Shift-Dir - straight line, f/p - gnoll
Aim: a gnoll, wielding a +0 club (moderately wounded, softly glowing)
You shoot a sling bullet. The sling bullet hits the gnoll.
The gnoll is moderately wounded.
A gnoll comes into view. It is wielding a +0 spear.
Firing (i - inventory. (/) - cycle)
f - 217 sling bullets (quivered)
Press: ? - help, Shift-Dir - straight line, f/p - gnoll
Aim: a gnoll, wielding a +0 club (moderately wounded, softly glowing)
You shoot a sling bullet. The sling bullet hits the gnoll.
The gnoll is almost dead.
Firing (i - inventory. (/) - cycle)
f - 216 sling bullets (quivered)
Press: ? - help, Shift-Dir - straight line, f/p - gnoll
Aim: a gnoll, wielding a +0 club (almost dead, softly glowing)
You shoot a sling bullet. The sling bullet hits the gnoll.
You kill the gnoll!
You see here a leopard gecko skeleton. "Over there now!"
The gnoll blinks! x2
The gnoll hits you from afar with a +0 spear.
There is an open door, spattered with blood here. "Over there now!"
The gnoll blinks!
The gnoll hits you with a +0 flail!
Really attack while wielding your +0 hunting sling?
Okay, then.
Wield which item (- for none, * to show all)? (? for menu, Esc to quit)
Okay, then.
As you read the scroll labeled ZEELUA CUXZON, it crumbles to dust.
It is a scroll of identify.
d - a scroll of remove curse Xom is interested.
You are feeling hungry.
The gnoll hits you with a +0 flail.
* * * LOW HITPOINT WARNING * * *
It was a potion of degeneration.
There was something very wrong with that liquid.
You feel weakened.
You feel dopey.
You feel clumsy.
Xom is mildly amused.
Xom roars with laughter!
Xom's attention turns to you. Flickering shadows surround you.
The gnoll barely misses you.
It was a potion of mutation.
You feel extremely strange.
You feel weaker.
Your thoughts seem clearer.
The shadow closely misses you.
It was a potion of might.
You feel very mighty all of a sudden. The gnoll closely misses you.
The shadow slips into darkness.
The shadow flickers and vanishes!
Deactivating autopickup; reactivate with Ctrl-A.
The shadow hits you!
Ouch! That really hurt!
You die...
Xom roars with laughter!

######### ########## ......(.#
#.........
..(.....#############.........
........'.ggW@g{....'.........
.......÷#############.........
........# #......... ........#
#......... .......§#
#......... ........#
########## ####..... #...<..
.........


You could see a shadow and 3 gnolls.

Vanquished Creatures
  A gnoll (D:2)
  2 worms (D:2)
  2 leopard geckos
  3 giant cockroaches
  2 hobgoblins
  2 jackals (D:2)
  3 kobolds (D:1)
  A quokka (D:2)
  3 bats
  2 frilled lizards (D:1)
  3 rats
24 creatures vanquished.

Vanquished Creatures (others)
  A goblin (D:2)
1 creature vanquished.

Grand Total: 25 creatures vanquished

Notes
Turn   | Place    | Note
-------+----------+-------------------------------------------
     0 | D:1      | MisterOstroum the Vine Stalker Arcane Marksman began the
                  | quest for the Orb.
     0 | D:1      | Reached XP level 1. HP: 11/11 MP: 4/4
   303 | D:1      | Reached XP level 2. HP: 16/16 MP: 6/6
   352 | D:1      | Learned a level 2 spell: Shackle
   826 | D:2      | Found a shimmering altar of Xom.
   829 | D:2      | Became a worshipper of Xom the Random
   896 | D:2      | XOM: smoke on damage
  1125 | D:2      | Reached XP level 3. HP: 20/20 MP: 2/7
  1261 | D:2      | XOM: harmless Summ miscast
  1265 | D:2      | XOM: silly message
  1290 | D:2      | XOM: blink monster(s)
  1295 | D:2      | XOM: blink monster(s)
  1297 | D:2      | XOM: medium Necr miscast
  1298 | D:2      | Noticed a shadow
  1298 | D:2      | Noticed a shadow
  1298 | D:2      | Gained mutation: You are weak. (Str -2) [potion of
                  | mutation]
  1298 | D:2      | Gained mutation: You possess an exceptional clarity of
                  | mind. [potion of mutation]
  1299 | D:2      | Slain by a shadow

Skill      XL: |  1  2 |
---------------+-------+-----
Slings         | 2 3 |  3.4
Fighting       | |  0.8
Dodging        | |  2.0
Spellcasting   | |  2.1
Hexes          | |  3.0

Action                   || total
-------------------------++-------
Melee: Dagger            ||    29
       Bite              ||     2
 Fire: Hunting sling     ||    82
Throw: Stone             ||     1
 Cast: Corona            ||     6
       Shackle           ||     1
  Use: Potion            ||     3
       Scroll            ||     1
  Eat: Chunk             ||     1
Armor: Robe              ||    13
Dodge: Dodged            ||    38
